 Dungeon Crawl Stone Soup version 0.29-a0-322-g68df515428 (webtiles) character file.

Game seed: 8584981915812289009

40 Morbidden the Sneak (level 3, -4/25 HPs)
             Began as a Demonspawn Brigand on Apr 8, 2022.
             Was a Follower of Hepliaklqana.
             Slain by a gnoll
             ... wielding a +0 spear
              (8 damage)
             ... on level 2 of the Dungeon.
             The game lasted 00:01:14 (1203 turns).

Morbidden the Sneak (Demonspawn Brigand)            Turns: 1203, Time: 00:01:14

Health: -4/25      AC:  3    Str: 11    XL:     3   Next: 30%
Magic:  4/4        EV: 11    Int: 14    God:    Hepliaklqana [*.....]
Gold:   48         SH:  0    Dex: 14    Spells: 3/3 levels left

rFire   . . .      SeeInvis .   a - +2 dagger (flame)
rCold   . . .      Faith    .   (no shield)
rNeg    . . .      Spirit   .   b - +0 robe
rPois   .          Reflect  .   (no helmet)
rElec   .          Harm     .   c - +0 cloak
rCorr   .          Rampage  .   (no gloves)
Will    .....                   (no boots)
Stlth   +++.......              (no amulet)
HPRegen 0.08/turn               (no ring)
MPRegen 0.09/turn               (no ring)

@: no status effects
A: reduced essence, demonic guardian 1, ignite blood 1
a: Renounce Religion, Recall Ancestor, Ancestor Identity


You were on level 2 of the Dungeon.
You worshipped Hepliaklqana.
Hepliaklqana was aware of your devotion.
You visited 1 branch of the dungeon, and saw 2 of its levels.

You collected 48 gold pieces.

Inventory:

Hand Weapons
 a - a +2 dagger of flaming (weapon)
Missiles
 d - 9 poisoned darts (quivered)
 e - 3 curare-tipped darts
Armour
 b - a +0 robe (worn)
 c - a +0 cloak (worn)
Scrolls
 g - a scroll of noise {unknown}
 k - a scroll of enchant armour {unknown}
Potions
 f - 3 potions of brilliance {unknown}
 h - a potion of attraction {unknown}
 i - a potion of might {unknown}
 j - a potion of curing {unknown}
 l - 2 potions of haste {unknown}


   Skills:
 * Level 2.5 Fighting
 * Level 2.0 Short Blades
 + Level 2.0 Throwing
 * Level 1.0 Dodging
 + Level 4.1 Stealth
 * Level 0.9 Spellcasting


You had 3 spell levels left.
You didn't know any spells.
Your spell library contained the following spells:

 Spells                   Type           Power      Damage    Failure   Level
 Cause Fear               Hex            0%         N/A       95%         4
 Dragon Form              Tmut           0%         N/A       100%        7
 Dragon's Call            Summ           0%         N/A       100%        9


Dungeon Overview and Level Annotations

Branches:
Dungeon (2/15)

Altars:
Hepliaklqana


Innate Abilities, Weirdness & Mutations

Your life essence is reduced to manifest your ancestor. (-10% HP)
A weak demonic guardian rushes to your aid.
Your demonic aura sometimes causes spilled blood to erupt in flames.


Message History

You barely miss the adder.
The adder is heavily wounded.
You feel sick.
Busisiwe hits the adder.
The adder barely misses you.
Your white imp completely misses the adder.
Unknown command.
You closely miss the adder.
The adder is heavily wounded.
You feel sick.
You are no longer poisoned.
The adder bites you.
Busisiwe misses the adder.
Your white imp hits the adder.
Your white imp freezes the adder.
The adder seems to slow down.
The adder dies!
Your Short Blades skill increases to level 2!
Your Throwing skill increases to level 2!
Your Dodging skill increases to level 1!
Unknown command.
Found a hunting sling.
Found 6 poisoned darts.
You are too injured to fight recklessly!
You are too injured to fight recklessly!
You are too injured to fight recklessly!
Found a ring mail and a hunting sling.
The helpless ball python fails to defend itself.
You impale the ball python!! You burn the ball python.
You kill the ball python!
You are too injured to fight recklessly!
A gnoll comes into view. It is wielding a +0 spear.
You are too injured to fight recklessly!
You are too injured to fight recklessly!
A gnoll comes into view. It is wielding a +4 spear of venom.
You are too injured to fight recklessly!
The gnoll hits you with a +0 spear.
* * * LOW HITPOINT WARNING * * *
The gnoll barely misses you.
You are too injured to fight recklessly!
Unknown command.
Your white imp disappears in a puff of smoke!
Busisiwe hits the gnoll.
The gnoll hits you from afar with a +0 spear!
You die...

#.#. ##### #.#.#####....
##...........###
............'. #..........#
#....(...g)# #).........# #.
#......g...# #..# #....@R§...#
^.. #..........#
.###.####.........[#
...................##########
...................#........##
............................'.
...........#########........##
...............# ........R.
...............# .########.


You could see the friendly Busisiwe the ancestor and 2 gnolls.

Vanquished Creatures
  3 dart slugs
  2 endoplasms (D:1)
  A hobgoblin (D:1)
  A jackal (D:1)
  6 kobolds
  3 ball pythons
  A frilled lizard (D:1)
  2 goblins (D:1)
  2 rats (D:1)
21 creatures vanquished.

Vanquished Creatures (collateral kills)
  An adder (D:2)
  A jackal (D:1)
  A kobold (D:1)
3 creatures vanquished.

Grand Total: 24 creatures vanquished

Notes
Turn   | Place    | Note
-------+----------+-------------------------------------------
     0 | D:1      | Morbidden the Demonspawn Brigand began the quest for the
                  | Orb.
     0 | D:1      | Reached XP level 1. HP: 16/16 MP: 1/1
   171 | D:1      | Gained mutation: A weak demonic guardian rushes to your
                  | aid. [demonic ancestry]
   171 | D:1      | Reached XP level 2. HP: 15/22 MP: 2/2
   420 | D:1      | Reached skill level 4 in Stealth
   879 | D:1      | Found a faded altar of an unknown god.
   902 | D:1      | Prayed at the altar of an unknown god.
   902 | D:1      | Became a worshipper of Hepliaklqana the Forgotten
   902 | D:1      | Reached * piety under Hepliaklqana
  1191 | D:2      | Gained mutation: Your demonic aura sometimes causes spilled
                  | blood to erupt in flames. [demonic ancestry]
  1191 | D:2      | Reached XP level 3. HP: 12/25 MP: 4/4
  1193 | D:2      | Reached skill level 1 in Dodging
  1203 | D:2      | Slain by a gnoll

Illustrated notes

Levels and vault maps discovered:
D:1:      matt_arrival_debris, layout_basic, basic_ecumenical_altar,
          palyth_stone_intersect
D:2:      layout_basic

Skill      XL: |  1  2  3 |
---------------+----------+-----
Stealth        | 4 |  4.1
Short Blades   | 2 |  2.0
Throwing       | 2 |  2.0
Dodging        | 1 |  1.0
Fighting       | |  2.5
Spellcasting   | |  0.9

Action                   || total
-------------------------++-------
Melee: Dagger            ||    48
Invok: Ancestor Identity ||     1
 Stab: Sleeping          ||     5
Armor: Robe              ||     7
Dodge: Dodged            ||    15

Table legend: (Time is in decaauts)
 A = Elapsed time spent in this place.
 B = Non-inter-level travel time spent in this place.
 C = Inter-level travel time spent in this place.
 D = Time resting spent in this place.
 E = Time spent auto-exploring this place.
 F = Levels seen in this place.
 G = Mean time per level.
                   A        B        C        D        E       F      G
               +--------+--------+--------+--------+--------+-----+--------+
         Total |   1198 |   1184 |     14 |    113 |    894 |   2 |  599.0 |
       Dungeon |   1198 |   1184 |     14 |    113 |    894 |   2 |  599.0 |
               +--------+--------+--------+--------+--------+-----+--------+

Top non-repeatable levels by time:
     D:1: 1070 daAuts
     D:2: 127 daAuts
